 Dungeon Crawl Stone Soup version 0.16-a0-2669-g4c00d22 (webtiles) character file.

64 Ololoev the Skirmisher (level 3, -1/30 HPs)
             Began as a Demonspawn Monk on Nov 24, 2014.
             Slain by Menkaure (7 damage)
             ... on level 4 of the Dungeon.
             The game lasted 00:06:36 (2035 turns).

Ololoev the Skirmisher (Demonspawn Monk)            Turns: 2035, Time: 00:06:36

Health: -1/30      AC: 10    Str: 12    XL:     3   Next: 91%
Magic:  0/3        EV:  2    Int: 16    God:
Gold:   134        SH:  0    Dex: 15    Spells: 0 memorised, 2 levels left

rFire  . . .     SeeInvis .     q - +0 hand axe
rCold  . . .     Clarity  .     o - +0 plate armour
rNeg   . . .     SustAb   .     (no shield)
rPois  .         Gourm    .     (no helmet)
rElec  .         Spirit   +     (no cloak)
rCorr  .         Warding  .     (no gloves)
rMut   .         Stasis   .     (no boots)
MR     .....                    (no amulet)
Stlth  ..........               (no ring)
                                (no ring)

@: brilliant, very slightly contaminated, invisible, not resistant to hostile
enchantments, extremely unstealthy
A: magic shield
a: no special abilities


You were on level 4 of the Dungeon.
You were hungry.

You visited 1 branch of the dungeon, and saw 4 of its levels.

You collected 134 gold pieces.

Notes
Turn   | Place    | Note
--------------------------------------------------------------
     0 | D:1      | Ololoev, the Demonspawn Monk, began the quest for the Orb.
     0 | D:1      | Reached XP level 1. HP: 18/18 MP: 1/1
   168 | D:1      | Found a glowing golden altar of the Shining One.
   605 | D:1      | Reached skill level 1 in Armour
   605 | D:1      | Gained mutation: When hurt, damage is shared between your health and your magic reserves. [demonic ancestry]
   605 | D:1      | Reached XP level 2. HP: 17/24 MP: 2/2
   853 | D:2      | Noticed Sigmund
  1088 | D:3      | Found a glowing golden altar of the Shining One.
  1181 | D:3      | Reached XP level 3. HP: 26/30 MP: 3/3
  1488 | D:3      | Reached skill level 4 in Fighting
  2004 | D:4      | Noticed Menkaure
  2035 | D:4      | Slain by Menkaure

Inventory:

Hand weapons
 q - a +0 hand axe (weapon)
Armour
 o - a +0 plate armour (worn)
Scrolls
 a - 2 scrolls of teleportation {unknown}
 c - a scroll of recharging {unknown}
 e - 4 scrolls of identify {unknown}
 h - a scroll of fear {unknown}
 p - a scroll of enchant weapon {unknown}
 r - a scroll of magic mapping {unknown}
 s - a scroll of remove curse {unknown}
Potions
 d - a potion of brilliance
 g - a potion of flight {unknown}
 j - a potion of invisibility
 k - a potion of heal wounds {unknown}
 l - a potion of agility {unknown}
 m - a potion of might {unknown}
 n - a potion of curing {unknown}
Comestibles
 b - 4 bread rations
 i - a slice of pizza

Table legend:
 A = Turns spent in this place as a percentage of turns spent in the entire game.
 B = Non-inter-level travel turns spent in this place as a percentage of non-inter-level travel turns spent in the entire game.
 C = Inter-level travel turns spent in this place as a percentage of turns spent in this place.
 D = Turns resting spent in this place as a percentage of non-inter-level travel turns spent in this place.
 E = Turns spent auto-exploring this place as a percentage of non-inter-level travel turns spent in this place.
 F = Non-inter-level travel turns spent in this place divided by the number of levels of this place that you've seen.
                   A       B       C       D       E      F
               +-------+-------+-------+-------+-------+----------------------
         Total | 100.0 | 100.0 |   0.6 |   6.0 |   6.3 | 154.5
       Dungeon | 100.0 | 100.0 |   0.6 |   6.0 |   6.3 | 154.5
               +-------+-------+-------+-------+-------+----------------------


   Skills:
 - Level 4.0 Fighting
 * Level 0.6 Axes
 + Level 2.0 Armour
 - Level 2.6 Dodging
 - Level 1.7 Stealth
 - Level 3.6 Unarmed Combat


You had 2 spell levels left.
You didn't know any spells.

Dungeon Overview and Level Annotations

Branches:
Dungeon (4/15)
 Temple: D:4-7

Altars:
The Shining One

Annotations:
D:2 Sigmund
D:4 Menkaure


Innate Abilities, Weirdness & Mutations

When hurt, damage is shared between your health and your magic reserves.


Message History

You feel sick.
e - 4 scrolls labeled HAUHEU NUNTUPS (gained 1)
You start resting.
You feel sick. x2
You are no longer poisoned.
You are feeling hungry.
You open the door.
Menkaure, Prince of Dust comes into view.
There is an open door here.
Something unseen opens the door.
You open the door.
Menkaure casts a spell.
Menkaure seems to speed up.
There is an open door here.
As you close the door, it creaks loudly!
Menkaure opens the door.
You open the door.
Menkaure whispers, "Let me perform the rites..."
There is an open door here.
Menkaure points at you and mumbles some strange words.
Pain shoots through your body!
As you close the door, it creaks loudly!
You hear the slow rusting of a drain, a long way away.
Something unseen opens the door.
Menkaure grins.
Wield which item (- for none, * to show all)? (? for menu, Esc to quit)
q - a +0 hand axe (weapon)
Menkaure calls on the powers of darkness!
Your body is wracked with pain!
Drink which item? (? for menu, Esc to quit)
You feel clever all of a sudden.
It was a potion of brilliance.
Drink which item? (? for menu, Esc to quit)
You fade into invisibility!
It was a potion of invisibility.
Menkaure hits you.
You are very lightly contaminated with residual magic.
Drink which item? (? for menu, Esc to quit)
You feel refreshed.
It was a potion of restore abilities.
Menkaure hits you! Menkaure hits you!
You die...

..# #..+....#....#...
#...+ #..#....+....#...
#...# #..#....#....#...
#...#
#####.#....#.##.#...
#...+
....#.+....#+##+#...
#...#+###+##....+.#....+
... #..............
#.#....# ...
+...........#+###.#....#
.
#...........'.)@M.#.....
#<...)......#'###+# .
######............
+...........
#............
#...........
#........... ###...##+##
+...+


You could see Menkaure.

Table legend:
 A = Kills in this place as a percentage of kills in entire the game.
 B = Kills by you in this place as a percentage of kills by you in the entire game.
 C = Kills by friends in this place as a percentage of kills by friends in the entire game.
 D = Other kills in this place as a percentage of other kills in the entire game.
 E = Experience gained in this place as a percentage of experience gained in the entire game.
 F = Experience gained in this place divided by the number of levels of this place that you have seen.
                   A       B       C       D       E      F
               +-------+-------+-------+-------+-------+----------------------
         Total | 100.0 | 100.0 |  -nan |  -nan | 100.0 |  23.0
       Dungeon | 100.0 | 100.0 |  -nan |  -nan | 100.0 |  23.0
               +-------+-------+-------+-------+-------+----------------------

Vanquished Creatures
  2 adders (D:3)
  3 giant mites
  A giant gecko (D:3)
  2 orcs (D:3)
  2 bats
  A giant cockroach (D:3)
  3 goblins
  4 hobgoblins
  A giant newt (D:1)
  2 kobolds
  3 rats
24 creatures vanquished.

Action                   || total
-------------------------++-------
Melee: Unarmed           ||   108
  Use: Potion            ||     3
 Stab: Sleeping          ||     3
  Eat: Chunk             ||     3

Vault maps used:
D:1:      denvon_arrival_waterhouse, tso_altar
D:2:      grunt_gozag_breadcrumbs, corner_web_ring, uniq_sigmund
D:3:      lemuel_doored_altar, first_bread, minmay_stone_trees_medium
D:4:      portal_sewer_entry_b, minmay_stone_trees_small, uniq_menkaure
